NYP
SPOKANE INDIANS @ STATEN ISLAND YANKEES
04/19/2048
 
TOP OF THE 1ST
Spokane Indians batting - Pitching for Staten Island Yankees : RHP Gary Salazar
Pitching: RHP Gary Salazar
Batting: RHB Mike Blair 0-0: Ball
1-0: Ball
2-0: Ball
3-0: Called Strike
3-1: Base on Balls
Batting: RHB Josh Whitmore 0-0: Swinging Strike
0-1: Ball
1-1: Foul Ball, location: 2F
1-2: Foul Ball, location: 2F
1-2: Foul Ball, location: 2F
1-2: Strikes out looking
Batting: LHB Nick Foutz 0-0: Ball
Mike Blair steals 2nd base
1-0: Called Strike
1-1: Ball
2-1: DOUBLE (Flyball, 89D, EV 99.4 MPH)
Mike Blair scores
Batting: RHB Danny Odom 0-0: Called Strike
0-1: Ball
1-1: Swinging Strike
1-2: Ball
2-2: Foul Ball, location: 2F
2-2: Ball
3-2: Base on Balls
Batting: SHB Isaiah Cherry 0-0: Ball
1-0: Called Strike
1-1: Called Strike
1-2: Foul Ball, location: 2F
1-2: Strikes out swinging
Batting: RHB Vinny Luna 0-0: Called Strike
0-1: Ball
1-1: Foul Ball, location: 2F
1-2: Ball
2-2: Fielders Choice at 2nd, 6-4 (Groundball, 6, EV 91.9 MPH)
Top of the 1st over - 1 run, 1 hit, 0 errors, 2 left on base; Spokane 1 - Staten Island 0
BOTTOM OF THE 1ST
Staten Island Yankees batting - Pitching for Spokane Indians : RHP Chris Gilbo
Pitching: RHP Chris Gilbo
Batting: RHB Norimoto Miyanishi 0-0: Ball
1-0: Ball
2-0: Swinging Strike
2-1: Swinging Strike
2-2: Strikes out swinging
Batting: LHB Dario Segura 0-0: Called Strike
0-1: Called Strike
0-2: Ball
1-2: Strikes out swinging
Batting: RHB Pat Pemberton 0-0: Called Strike
0-1: Fly out, F8 (Flyball, 8RD, EV 88.1 MPH)
Bottom of the 1st over - 0 runs, 0 hits, 0 errors, 0 left on base; Spokane 1 - Staten Island 0
TOP OF THE 2ND
Spokane Indians batting - Pitching for Staten Island Yankees : RHP Gary Salazar
Batting: RHB Rick Concha 0-0: Foul Ball, location: 2F
0-1: Foul Ball, location: 2F
0-2: Ball
1-2: Ball
2-2: Foul Ball, location: 2F
2-2: Ball
3-2: Base on Balls
Batting: RHB Dennis Daniels 0-0: Ball
Rick Concha steals 2nd base
1-0: Called Strike
1-1: Foul Ball, location: 2F
1-2: Ground out 4-3 (Groundball, 4, EV 83.1 MPH)
Rick Concha to third
Batting: RHB Gavin Fimple 0-0: Ball
1-0: Ball
2-0: Foul Ball, location: 2F
2-1: Ball
3-1: Base on Balls
Batting: RHB Mike Blair 0-0: Ball
Gavin Fimple steals 2nd base
1-0: Foul Ball, location: 2F
1-1: Foul Ball, location: 2F
1-2: Foul Ball, location: 2F
1-2: Ball
2-2: Ball
3-2: Base on Balls
Batting: RHB Josh Whitmore 0-0: Ball
1-0: Ball
2-0: Ball
3-0: Called Strike
3-1: Called Strike
3-2: Base on Balls
Rick Concha scores
Gavin Fimple to third
Mike Blair to second
Batting: LHB Nick Foutz 0-0: Ball
1-0: Swinging Strike
1-1: Foul Ball, location: 2F
1-2: Ball
2-2: Strikes out swinging
Batting: RHB Danny Odom 0-0: Called Strike
0-1: Foul Ball, location: 2F
0-2: Ball
1-2: Ball
2-2: Ball
3-2: Base on Balls
Gavin Fimple scores
Mike Blair to third
Josh Whitmore to second
Batting: SHB Isaiah Cherry 0-0: Fly out, F6 (Flyball, 56D, EV 91.2 MPH)
Top of the 2nd over - 2 runs, 0 hits, 0 errors, 3 left on base; Spokane 3 - Staten Island 0
BOTTOM OF THE 2ND
Staten Island Yankees batting - Pitching for Spokane Indians : RHP Chris Gilbo
Batting: LHB Mike Schermerhorn 0-0: Called Strike
0-1: Ball
1-1: Swinging Strike
1-2: Ball
2-2: Ball
3-2: Foul Ball, location: 2F
3-2: Foul Ball, location: 2F
3-2: Fly out, F8 (Flyball, 8LXD, EV 108.8 MPH)
Batting: RHB Brad Wren 0-0: Called Strike
0-1: Ground out 6-3 (Groundball, 6, EV 80.0 MPH)
Batting: SHB Adam Slade 0-0: Ball
1-0: Called Strike
1-1: Foul Ball, location: 2F
1-2: Strikes out swinging
Bottom of the 2nd over - 0 runs, 0 hits, 0 errors, 0 left on base; Spokane 3 - Staten Island 0
TOP OF THE 3RD
Spokane Indians batting - Pitching for Staten Island Yankees : RHP Gary Salazar
Batting: RHB Vinny Luna 0-0: Foul Ball, location: 2F
0-1: Ball
1-1: Foul Ball, location: 2F
1-2: Fly out, F7 (Line Drive, 7LM, EV 100.0 MPH)
Batting: RHB Rick Concha 0-0: Ball
1-0: Ground out 4-3 (Groundball, 4, EV 106.2 MPH)
Pitching: RHP Nick Peters
Batting: RHB Dennis Daniels 0-0: Ball
1-0: Ball
2-0: Ball
3-0: Called Strike
3-1: Base on Balls
Batting: RHB Gavin Fimple 0-0: Called Strike
0-1: Ball
1-1: Foul Ball, location: 2F
1-2: Ground out 5-3 (Groundball, 56, EV 107.5 MPH)
Top of the 3rd over - 0 runs, 0 hits, 0 errors, 1 left on base; Spokane 3 - Staten Island 0
BOTTOM OF THE 3RD
Staten Island Yankees batting - Pitching for Spokane Indians : RHP Chris Gilbo
Batting: RHB Matt Thompson 0-0: Ball
1-0: Called Strike
1-1: Ground out 6-3 (Groundball, 6, EV 97.5 MPH)
Batting: RHB Jesus Ruiz 0-0: Ground out 6-3 (Groundball, 6, EV 82.5 MPH)
Batting: RHB Daniel Underhay 0-0: Ball
1-0: Called Strike
1-1: Ground out 4-3 (Groundball, 4, EV 93.1 MPH)
Bottom of the 3rd over - 0 runs, 0 hits, 0 errors, 0 left on base; Spokane 3 - Staten Island 0
TOP OF THE 4TH
Spokane Indians batting - Pitching for Staten Island Yankees : RHP Nick Peters
Batting: RHB Mike Blair 0-0: Ball
1-0: Ball
2-0: Ball
3-0: Ground out 6-3 (Groundball, 6, EV 96.2 MPH)
Batting: RHB Josh Whitmore 0-0: Ball
1-0: Fly out, F3 (Line Drive, 34, EV 75.6 MPH)
Batting: LHB Nick Foutz 0-0: Called Strike
0-1: Foul Ball, location: 2F
0-2: Ball
1-2: Ball
2-2: Foul Ball, location: 2F
2-2: Ground out 1-3 (Groundball, 13S, EV 66.9 MPH)
Top of the 4th over - 0 runs, 0 hits, 0 errors, 0 left on base; Spokane 3 - Staten Island 0
BOTTOM OF THE 4TH
Staten Island Yankees batting - Pitching for Spokane Indians : RHP Chris Gilbo
Batting: RHB Norimoto Miyanishi 0-0: Ball
1-0: Swinging Strike
1-1: Fly out, F4 (Popup, 34, EV 53.1 MPH)
Batting: LHB Dario Segura 0-0: Ball
1-0: Swinging Strike
1-1: Ground out 4-3 (Groundball, 4, EV 100.6 MPH)
Batting: RHB Pat Pemberton 0-0: Called Strike
0-1: Ball
1-1: Called Strike
1-2: Foul Ball, location: 2F
1-2: Ball
2-2: Foul Ball, location: 2F
2-2: Strikes out looking
Bottom of the 4th over - 0 runs, 0 hits, 0 errors, 0 left on base; Spokane 3 - Staten Island 0
TOP OF THE 5TH
Spokane Indians batting - Pitching for Staten Island Yankees : RHP Nick Peters
Pitching: LHP Colin Scott
Batting: RHB Danny Odom 0-0: Ball
1-0: Foul Ball, location: 2F
1-1: Ball
2-1: Foul Ball, location: 2F
2-2: Ball
3-2: SINGLE (Line Drive, 6M, EV 98.1 MPH)
Batting: SHB Isaiah Cherry 0-0: Swinging Strike
0-1: Foul Ball, location: 2F
0-2: Ball
1-2: Ball
2-2: Ball
3-2: Grounds into double play, 4-6-3 (Groundball, 4, EV 90.6 MPH)
Batting: RHB Vinny Luna 0-0: Foul Ball, location: 2F
0-1: Ball
1-1: Ball
2-1: Foul Ball, location: 2F
2-2: Foul Ball, location: 2F
2-2: Ball
3-2: Foul Ball, location: 2F
3-2: Ground out 3-1 (Groundball, 34D, EV 86.9 MPH)
Top of the 5th over - 0 runs, 1 hit, 0 errors, 0 left on base; Spokane 3 - Staten Island 0
BOTTOM OF THE 5TH
Staten Island Yankees batting - Pitching for Spokane Indians : RHP Chris Gilbo
Batting: LHB Mike Schermerhorn 0-0: Ball
1-0: Ball
2-0: Foul Ball, location: 2F
2-1: Called Strike
2-2: Ball
3-2: Strikes out swinging
Batting: RHB Brad Wren 0-0: Called Strike
0-1: Ball
1-1: Called Strike
1-2: Strikes out looking
Batting: SHB Adam Slade 0-0: Ball
1-0: Swinging Strike
1-1: Ball
2-1: Fly out, F8 (Flyball, 8RM, EV 91.9 MPH)
Bottom of the 5th over - 0 runs, 0 hits, 0 errors, 0 left on base; Spokane 3 - Staten Island 0
TOP OF THE 6TH
Spokane Indians batting - Pitching for Staten Island Yankees : LHP Colin Scott
Pitching: RHP Nate LaCava
Batting: RHB Rick Concha 0-0: Called Strike
0-1: Swinging Strike
0-2: Ball
1-2: Ball
2-2: SINGLE (Groundball, 34D, EV 108.8 MPH)
Batting: RHB Dennis Daniels 0-0: Ball
1-0: Called Strike
1-1: Ball
2-1: Fly out, F9 (Flyball, 9, EV 82.5 MPH)
Batting: RHB Gavin Fimple 0-0: Called Strike
0-1: Ball
1-1: Called Strike
1-2: Ball
2-2: Fly out, F9 (Flyball, 89XD, EV 105.6 MPH)
Batting: RHB Mike Blair 0-0: Ball
1-0: Called Strike
1-1: Foul Ball, location: 2F
1-2: Ground out 5-3 (Groundball, 56, EV 84.4 MPH)
Top of the 6th over - 0 runs, 1 hit, 0 errors, 1 left on base; Spokane 3 - Staten Island 0
BOTTOM OF THE 6TH
Staten Island Yankees batting - Pitching for Spokane Indians : RHP Chris Gilbo
Batting: RHB Matt Thompson 0-0: Reached via error on a dropped throw from 1B, E1 (Groundball, 34, EV 81.2 MPH)
Batting: RHB Jesus Ruiz 0-0: Foul Ball, location: 2F
0-1: Swinging Strike
0-2: Ball
1-2: Strikes out looking
Batting: RHB Daniel Underhay 0-0: Ball
1-0: Called Strike
1-1: Foul Ball, location: 2F
1-2: Ball
2-2: Ball
3-2: SINGLE (Groundball, 56D, EV 98.1 MPH)
Matt Thompson to second
Batting: RHB Norimoto Miyanishi 0-0: Ball
1-0: Swinging Strike
1-1: Foul Ball, location: 2F
1-2: Ball
Passed Ball!
Matt Thompson to third
Daniel Underhay to second
2-2: Foul Ball, location: 2F
2-2: Foul Ball, location: 2F
2-2: Strikes out swinging
Batting: LHB Dario Segura 0-0: Ball
1-0: Ball
2-0: Called Strike
2-1: SINGLE (Line Drive, 9LS, EV 96.9 MPH)
Matt Thompson scores
Daniel Underhay to third
Batting: RHB Pat Pemberton 0-0: Called Strike
0-1: Hit by Pitch
Dario Segura to second
Batting: LHB Mike Schermerhorn 0-0: Ground out 3-1 (Groundball, 34S, EV 79.4 MPH)
Bottom of the 6th over - 1 run, 2 hits, 1 error, 3 left on base; Spokane 3 - Staten Island 1
TOP OF THE 7TH
Spokane Indians batting - Pitching for Staten Island Yankees : RHP Nate LaCava
Pinch Hitting: LHB Sean Gingrich 0-0: DOUBLE (Line Drive, 7LM, EV 93.1 MPH)
Batting: LHB Nick Foutz 0-0: Intentional Walk
Batting: RHB Danny Odom 0-0: Foul Ball, location: 2F
Balk!
Sean Gingrich to third
Nick Foutz to second
0-1: Ball
1-1: Intentional Walk
Batting: SHB Isaiah Cherry 0-0: Ball
1-0: Ball
2-0: Foul Ball, location: 2F
2-1: Ball
3-1: Base on Balls
Sean Gingrich scores
Nick Foutz to third
Danny Odom to second
Batting: RHB Vinny Luna 0-0: Called Strike
0-1: Ball
1-1: Ball
2-1: Foul Ball, location: 2F
2-2: DOUBLE (Line Drive, 89XD, EV 110.0 MPH)
Nick Foutz scores
Danny Odom scores
Isaiah Cherry to third
Batting: RHB Rick Concha 0-0: Ball
1-0: Ball
2-0: Foul Ball, location: 2F
2-1: Called Strike
2-2: DOUBLE (Groundball, 3L, EV 105.0 MPH)
Isaiah Cherry scores
Vinny Luna scores
Batting: RHB Dennis Daniels 0-0: Ball
1-0: Ball
2-0: Ball
3-0: Called Strike
3-1: Called Strike
3-2: Foul Ball, location: 2F
3-2: Base on Balls
Batting: RHB Gavin Fimple 0-0: Ball
1-0: Swinging Strike
1-1: Called Strike
1-2: Strikes out looking
Batting: RHB Mike Blair 0-0: Foul Ball, location: 2F
0-1: Foul Ball, location: 2F
0-2: Hit by Pitch
Rick Concha to third
Dennis Daniels to second
Batting: LHB Sean Gingrich 0-0: Ball
1-0: Swinging Strike
1-1: Ball
Wild Pitch!
Rick Concha scores
Dennis Daniels to third
Mike Blair to second
2-1: Foul Ball, location: 2F
2-2: Foul Ball, location: 2F
2-2: Foul Ball, location: 2F
2-2: Ball
3-2: Base on Balls
Batting: LHB Nick Foutz 0-0: Called Strike
0-1: Ball
1-1: Swinging Strike
1-2: Foul Ball, location: 2F
1-2: Strikes out looking
Pitching: RHP Danny Ayala
Pinch Hitting: RHB Eric Garrett 0-0: Fly out, F7 (Flyball, 7, EV 73.8 MPH)
Top of the 7th over - 6 runs, 3 hits, 0 errors, 3 left on base; Spokane 9 - Staten Island 1
BOTTOM OF THE 7TH
Staten Island Yankees batting - Pitching for Spokane Indians : RHP Chris Gilbo
Now at 1B: Jason Swisher
Now in CF: Eric Garrett
Batting: RHB Brad Wren 0-0: Ball
1-0: Ball
2-0: Ball
3-0: Base on Balls
Pitching: RHP Matt Fox
Batting: SHB Adam Slade 0-0: Called Strike
0-1: Ball
1-1: Called Strike
1-2: Strikes out swinging
Batting: RHB Matt Thompson 0-0: Called Strike
0-1: Swinging Strike
0-2: Strikes out looking
Batting: RHB Jesus Ruiz 0-0: Foul Ball, location: 2F
0-1: Ball
1-1: Ball
2-1: Ground out 5-3 (Groundball, 56S, EV 80.6 MPH)
Bottom of the 7th over - 0 runs, 0 hits, 0 errors, 1 left on base; Spokane 9 - Staten Island 1
TOP OF THE 8TH
Spokane Indians batting - Pitching for Staten Island Yankees : RHP Danny Ayala
Batting: SHB Isaiah Cherry 0-0: Ball
1-0: Foul Ball, location: 2F
1-1: Called Strike
1-2: Ball
2-2: SINGLE (Groundball, 4S, EV 96.9 MPH)
Pinch Hitting: RHB Theo van Gent 0-0: Called Strike
Balk!
Isaiah Cherry to second
0-1: Swinging Strike
0-2: Ball
1-2: Ball
2-2: Ball
3-2: Hit by Pitch
Batting: RHB Rick Concha 0-0: Swinging Strike
0-1: Swinging Strike
0-2: Fielders Choice at 2nd, 5-4 (Groundball, 56S, EV 86.2 MPH)
Isaiah Cherry to third
Batting: RHB Dennis Daniels 0-0: Ball
1-0: DOUBLE (Line Drive, 78XD, EV 99.4 MPH)
Isaiah Cherry scores
Rick Concha to third
Batting: RHB Gavin Fimple 0-0: Fly out, F9 (Flyball, 89M, EV 93.1 MPH)
Batting: RHB Mike Blair 0-0: Ball
1-0: Ball
2-0: Foul Ball, location: 2F
2-1: Called Strike
2-2: SINGLE (Groundball, 34, EV 109.4 MPH)
Rick Concha scores
Dennis Daniels to third
Runner from 3rd tries for Home, SAFE, throw by RF to home
Mike Blair to second
Pinch Hitting: RHB Ryan Pastore 0-0: Ground out 3-1 (Groundball, 34S, EV 78.8 MPH)
Top of the 8th over - 3 runs, 3 hits, 0 errors, 1 left on base; Spokane 12 - Staten Island 1
BOTTOM OF THE 8TH
Staten Island Yankees batting - Pitching for Spokane Indians : RHP Matt Fox
Now at 1B: Ryan Pastore
Now at 3B: Knud Prins
Now in RF: Theo van Gent
Batting: RHB Daniel Underhay 0-0: SINGLE (Flyball, 6MD, EV 88.8 MPH)
Batting: RHB Norimoto Miyanishi 0-0: Swinging Strike
0-1: Ball
1-1: Swinging Strike
1-2: Foul Ball, location: 2F
1-2: Ball
2-2: Foul Ball, location: 2F
2-2: Strikes out swinging
Batting: LHB Dario Segura 0-0: Ball
1-0: Swinging Strike
1-1: Ball
2-1: Ball
Passed Ball!
Daniel Underhay to second
3-1: Swinging Strike
3-2: Fly out, F7 (Line Drive, 7LM, EV 96.2 MPH)
Batting: RHB Pat Pemberton 0-0: Ball
1-0: Ball
Wild Pitch!
Daniel Underhay to third
2-0: Swinging Strike
2-1: Swinging Strike
2-2: Foul Ball, location: 2F
2-2: Foul Ball, location: 2F
2-2: Strikes out swinging, 2-3 out at first.
Bottom of the 8th over - 0 runs, 1 hit, 0 errors, 1 left on base; Spokane 12 - Staten Island 1
TOP OF THE 9TH
Spokane Indians batting - Pitching for Staten Island Yankees : RHP Danny Ayala
Batting: LHB Nick Foutz 0-0: Ball
1-0: Ball
2-0: Called Strike
2-1: Ball
3-1: Base on Balls
Batting: RHB Eric Garrett 0-0: Foul Ball, location: 2F
0-1: Foul Ball, location: 2F
0-2: SINGLE (Groundball, 4MD, EV 104.4 MPH)
Nick Foutz to second
Runner from 2nd tries for 3rd, SAFE, throw by CF made to third
Batting: SHB Isaiah Cherry 0-0: Foul Ball, location: 2F
0-1: Ball
1-1: Ball
2-1: Foul Ball, location: 2F
2-2: Hit by Pitch
Eric Garrett to second
Batting: RHB Theo van Gent 0-0: Ball
1-0: Ball
2-0: Ball
3-0: Called Strike
3-1: Called Strike
3-2: Base on Balls
Nick Foutz scores
Eric Garrett to third
Isaiah Cherry to second
Pitching: RHP Alex Blanco
Batting: RHB Knud Prins 0-0: Called Strike
0-1: Called Strike
0-2: Ball
1-2: Ball
2-2: Strikes out looking
Batting: RHB Dennis Daniels 0-0: Foul Ball, location: 2F
0-1: Ball
1-1: Ball
2-1: Ball
3-1: Called Strike
3-2: Base on Balls
Eric Garrett scores
Isaiah Cherry to third
Theo van Gent to second
Batting: RHB Gavin Fimple 0-0: Ball
1-0: Foul Ball, location: 2F
1-1: Fly out, F9 (Line Drive, 89M, EV 91.9 MPH)
Runner from 3rd tags up, SCORES, throw by RF
Theo van Gent to third
Batting: RHB Mike Blair 0-0: Hit by Pitch
Dennis Daniels to second
Batting: RHB Ryan Pastore 0-0: Called Strike
0-1: Foul Ball, location: 2F
0-2: Strikes out swinging
Top of the 9th over - 3 runs, 1 hit, 0 errors, 3 left on base; Spokane 15 - Staten Island 1
BOTTOM OF THE 9TH
Staten Island Yankees batting - Pitching for Spokane Indians : RHP Matt Fox
Batting: LHB Mike Schermerhorn 0-0: Swinging Strike
0-1: Ball
1-1: Foul Ball, location: 2F
1-2: Foul Ball, location: 2F
1-2: Ball
2-2: Ball
3-2: Strikes out swinging, 2-3 out at first.
Batting: RHB Brad Wren 0-0: Fly out, F8 (Flyball, 89M, EV 88.1 MPH)
Batting: SHB Adam Slade 0-0: Ball
1-0: Swinging Strike
1-1: Foul Ball, location: 2F
1-2: Fly out, F4 (Popup, 4, EV 61.2 MPH)
Bottom of the 9th over - 0 runs, 0 hits, 0 errors, 0 left on base; Spokane 15 - Staten Island 1
Tuesday, March 28th , 2023 - OOTP Baseball 23.10 Build 110